 Dungeon Crawl Stone Soup version bcrawl-1.17.3 (webtiles) character file.

Game seed: 7385433569625337684

30203 Morbidden the Thaumaturge (level 13, -3/82 HPs)
             Began as a Skeleton Fighter on Oct 30, 2019.
             Was an Initiate of Gozag.
             Slain by an alligator (13 damage)
             ... on level 5 of the Lair of Beasts.
             The game lasted 00:27:34 (13315 turns).

Morbidden the Thaumaturge (Skeleton Fighter)       Turns: 13315, Time: 00:27:34

Health: -3/82      AC: 19    Str: 22 (23) XL:     13   Next: 19%
Magic:  0/28       EV: 10    Int: 12 (14) God:    Gozag
Gold:   1101       SH: 13    Dex:  6      Spells: 34/35 levels left

rFire    . . .     SeeInvis .   b - +8 flail "Concordance" {elec, rN+ Int+2 Dex-2}
rCold    + . .     Gourm    .   z - +2 shield
rNeg     + + +     Faith    .   r - +0 shadow dragon scales
rPois    ∞         Spirit   +   E - +2 hat
rElec    .         Reflect  .   v - +0 cloak
rCorr    .         Harm     .   (no gloves)
MR       +....                  g - +0 pair of boots
Stlth    +++++++...             B - amulet of magic regeneration
HPRegen  0.23/turn              p - +5 ring of slaying
MPRegen  0.46/turn              s - ring of stealth

@: no status effects
A: no food or potions, cold resistance 1, deterioration 1, negative energy
resistance 3, powered by death 1, torment resistance, unbreathing, magic shield,
sturdy frame 2, spell healing
a: Potion Petition, Call Merchant, Bribe Branch, Renounce Religion


You were on level 5 of the Lair of Beasts.
You worshipped Gozag.
Gozag was most pleased with you.
You were not hungry.

You visited 3 branches of the dungeon, and saw 16 of its levels.
You also visited: Ossuary.

You collected 3266 gold pieces.
You paid 2165 gold pieces to Gozag.

Inventory:

Hand Weapons
 a - a +3 trident of piercing
 b - the +8 flail "Concordance" (weapon) {elec, rN+ Int+2 Dex-2}
   (You found it on level 9 of the Dungeon)

   Occasionally, upon striking a foe, it will discharge some electrical energy
   and cause terrible harm.
   It affects your intelligence (+2).
   It affects your dexterity (-2).
   It protects you from negative energy.
Missiles
 w - 2 throwing nets {!f}
 x - 315 javelins (quivered)
Armour
 g - a +0 pair of boots (worn)
 h - a scarf of cloud immunity
 r - +0 shadow dragon scales (worn)
 v - a +0 cloak (worn)
 z - a +2 shield (worn)
 E - a +2 hat (worn)
Jewellery
 p - a +5 ring of slaying (left hand)
 s - a ring of stealth (right hand)
 B - an amulet of magic regeneration (around neck)
 C - an uncursed ring of magical power
Wands
 c - a wand of digging (28)
 t - a wand of polymorph (6)
 u - a wand of flame (16)
 D - a wand of random effects (6)
Scrolls
 d - 2 scrolls of magic mapping
 e - 3 scrolls of amnesia
 f - 4 scrolls of identify
 i - a scroll of noise
 j - 6 scrolls of remove curse
 k - 2 scrolls of blinking
 l - 3 scrolls of enchant weapon
 m - 6 scrolls of teleportation
 n - a scroll of vulnerability {unknown}
 o - 6 scrolls of fear
 q - a scroll of enchant armour {unknown}
 y - 3 scrolls of immolation
 A - a scroll of summoning {unknown}


   Skills:
 * Level 10.2 Fighting
 + Level 8.5 Maces & Flails
 + Level 10.7 Polearms
 - Level 0.1 Throwing
 + Level 8.3 Armour
 + Level 4.5 Dodging
 + Level 5.4 Stealth
 + Level 10.2 Shields
 * Level 11.8 Spellcasting
 * Level 9.1 Conjurations
 + Level 0.1 Evocations


You had 34 spell levels left.
You knew the following spells:

 Your Spells              Type           Power        Failure   Level  Hunger
a - Magic Dart            Conj           ####         1%          1    N/A

Your spell library contained the following spells:

 Spells                   Type           Power        Failure   Level  Hunger
 Conjure Flame            Conj/Fire      ###.....     22%         3    N/A
 Dazzling Spray           Conj/Hex       ###...       22%         3    N/A
 Mephitic Cloud           Conj/Pois/Air  ##......     41%         3    N/A
 Corona                   Hex            #......      45%         1    N/A
 Slow                     Hex            #.......     45%         1    N/A
 Blink                    Tloc           N/A          58%         2    N/A
 Call Imp                 Summ           #.......     58%         2    N/A
 Ensorcelled Hibernation  Hex/Ice        #.....       58%         2    N/A
 Sticks to Snakes         Tmut           #.......     58%         2    N/A
 Confuse                  Hex            #.......     83%         3    N/A
 Tukima's Dance           Hex            #.......     83%         3    N/A
 Beastly Appendage        Tmut           Unusable     N/A         1    N/A
 Spider Form              Tmut/Pois      Unusable     N/A         3    N/A
 Ice Form                 Ice/Tmut       Unusable     N/A         4    N/A
 Blade Hands              Tmut           Unusable     N/A         5    N/A

Dungeon Overview and Level Annotations

Branches:
Dungeon (10/12)            Temple (1/1) D:5            Lair (5/6) D:8
 Shoals (0/3) Lair:4        Snake (0/3) Lair:4          Orc (0/1) D:9
  Slime: Lair:5-6

Altars:
Ashenzari
Cheibriados
Dithmenos
Elyvilon
Fedhas
Gozag
Hepliaklqana
Kikubaaqudgha
Lugonu
Makhleb
Nemelex Xobeh
Okawaru
Qazlal
Ru
Sif Muna
Trog
Uskayaw
Vehumet
Wu Jian
Xom
Yredelemnul
Zin
The Shining One

Shops:
D:4 (   D:8 *=[

Annotations:
D:10 Fannar
Lair:3 Rupert


Innate Abilities, Weirdness & Mutations

You do not eat or drink.
You are immune to poison.
Your flesh is cold resistant. (rC+)
Your body sometimes deteriorates upon taking damage.
You are immune to negative energy. (rN+++)
You regenerate a little health from kills.
You are immune to unholy pain and torment.
You can survive without breathing.
When hurt, damage is shared between your health and your magic reserves.
Your movements are less encumbered by armour. (ER -4)
Casting spells heals you.


Message History

Aiming: Magic Dart (safe; 1% risk of failure)
Press: ? - help, Shift-Dir - straight line, f/p - alligator
Aim: an alligator (almost dead, covering ground quickly)
The magic dart hits the alligator.
The alligator is almost dead.
You block the alligator's attack.
The alligator tail-slaps you but does no damage.
Casting: Magic Dart (safe; 1% risk of failure)
Confirm with . or Enter, or press ? or * to list all spells.
You don't have enough magic to cast that spell.
Unknown command.
Unknown command.
Unknown command.
You are too injured to fight recklessly!
Unknown command.
You sock the alligator!
The alligator is almost dead.
The alligator bites you!
You die...
Your body crumbles into a pile of gold.

...............##
≈≈≈≈≈≈≈≈≈≈≈≈≈≈..#
P##≈≈≈≈≈≈≈≈≈≈≈[.#
.P#≈≈≈≈≈≈≈≈≈≈≈.####
≈≈≈≈≈≈≈≈≈#≈##≈....#
..≈≈≈#≈≈≈≈#≈≈≈....#
≈P≈.≈##≈#≈≈...##
..≈≈#≈≈≈≈≈.)P.#
≈≈.≈≈.#.t@.#
≈≈≈≈.≈≈...$).#
≈≈≈≈≈≈.....##
≈≈##≈#......#
#≈≈#.....## #≈≈
#...### ≈ #...#
#....


You could see an alligator.

Vanquished Creatures
  Snorg (Lair:4)
  Josephine (Lair:5)
  Harold (D:9)
  2 hydras
  A two-headed ogre (D:8)
  Urug (Lair:4)
  Nergalle (Lair:4)
  A swamp dragon (Lair:5)
  A cyclops (D:10)
  2 merfolk sirens (Lair:4)
  3 elephants (Lair:5)
  5 black mambas
  A centaur zombie (D:7)
  Joseph (Lair:1)
  7 cane toads
  A kobold demonologist (D:8)
  2 komodo dragons (Lair:2)
  3 trolls
  2 merfolk (Lair:4)
  14 blink frogs
  2 polar bears
  A hornet (D:9)
  5 dream sheep (Lair:5)
  A hippogriff (Lair:5)
  Grinder (D:3)
  Sigmund (D:6)
  5 wraiths (Lair:5)
  A wyvern (D:9)
  22 yaks
  Grum (Lair:1)
  A basilisk (Lair:5)
  A hungry ghost (D:9)
  3 nagas (Lair:4)
  3 swamp worms (Lair:5)
  4 porcupines
  4 water moccasins
  3 ice beasts
  Duvessa (D:4)
  3 orc warriors
  A sky beast (D:8)
  2 black bears
  8 ogres
  5 wolves
  4 centaurs
  7 crocodiles
  7 bullfrogs
  A big kobold (D:9)
  An elf zombie (Ossuary)
  Dowan (D:4)
  2 scorpions
  2 howler monkeys
  An electric eel (Lair:1)
  4 crimson imps
  A bullfrog zombie (D:5)
  3 human zombies (Ossuary)
  A quasit (D:9)
  6 hounds
  2 jellies
  5 orc priests
  Crazy Yiuf (D:7)
  2 bullfrog skeletons
  2 iguanas (D:4)
  3 centaur skeletons
  11 orc wizards
  2 worker ants
  2 big kobold zombies (Ossuary)
  A hound skeleton (D:9)
  2 mummies (Ossuary)
  2 howler monkey skeletons
  7 adders
  3 shadow imps
  2 adder skeletons
  5 dart slugs
  A worm (D:3)
  4 leopard geckos
  41 orcs
  7 bats
  10 giant cockroaches
  7 goblins
  13 hobgoblins
  3 jackals (D:2)
  4 quokkas
  3 frilled lizards
  2 gnoll zombies (Ossuary)
  2 goblin zombies (Ossuary)
  9 kobolds
  4 orc zombies (Ossuary)
  6 rats
  6 fungi (D:8)
  A plant (Lair:5)
346 creatures vanquished.

Vanquished Creatures (others)
  A fungus (Lair:5)
  5 plants (Lair:5)
6 creatures vanquished.

Grand Total: 352 creatures vanquished

Notes
Turn   | Place    | Note
-------+----------+-------------------------------------------
     0 | D:1      | Morbidden the Skeleton Fighter began the quest for the Orb.
     0 | D:1      | Reached XP level 1. HP: 14/14 MP: 1/1
   203 | D:1      | Reached XP level 2. HP: 1/19 MP: 0/2
  1085 | D:1      | Reached skill level 1 in Spellcasting
  1085 | D:1      | Reached XP level 3. HP: 18/23 MP: 2/4
  1987 | D:2      | Reached XP level 4. HP: 18/28 MP: 3/6
  2418 | D:3      | Noticed an ogre
  2428 | D:3      | HP: 1/28 [ogre/+0 giant club (10)]
  2441 | D:3      | Killed an ogre
  2441 | D:3      | Reached skill level 1 in Dodging
  2441 | D:3      | Reached skill level 2 in Spellcasting
  2441 | D:3      | Reached XP level 5. HP: 3/33 MP: 1/8
  2812 | D:3      | Noticed Grinder
  2825 | D:3      | Paralysed by Grinder for 3 turns
  2845 | D:3      | Paralysed by Grinder for 3 turns
  2848 | D:3      | Killed Grinder
  2848 | D:3      | Reached skill level 5 in Shields
  2848 | D:3      | Reached skill level 3 in Spellcasting
  2848 | D:3      | Gained mutation: You regenerate a little health from kills.
                  | [Skeleton growth]
  2848 | D:3      | Reached XP level 6. HP: 35/38 MP: 7/10
  2990 | D:3      | Found a burning altar of Makhleb.
  3462 | D:4      | Found Qol Bak's Weapon Emporium.
  3476 | D:4      | Reached XP level 7. HP: 42/44 MP: 11/11
  3548 | D:4      | Noticed Dowan
  3551 | D:4      | Noticed Duvessa
  3563 | D:4      | Killed Duvessa
  3563 | D:4      | Reached skill level 5 in Polearms
  3577 | D:4      | Killed Dowan
  4092 | D:4      | Reached skill level 5 in Fighting
  4092 | D:4      | Reached skill level 4 in Spellcasting
  4304 | D:5      | Entered Level 5 of the Dungeon
  4333 | D:5      | Reached XP level 8. HP: 50/50 MP: 12/14
  4507 | D:5      | Found a white marble altar of Elyvilon.
  4570 | D:5      | Found a staircase to the Ecumenical Temple.
  4588 | Temple   | Entered the Ecumenical Temple
  4639 | Temple   | Became a worshipper of Gozag Ym Sagoz the Greedy
  4788 | D:5      | Reached skill level 5 in Armour
  5075 | D:6      | Found a sand-covered staircase.
  5085 | Ossuary  | Entered an ossuary
  5095 | Ossuary  | Reached skill level 1 in Stealth
  5164 | Ossuary  | Reached skill level 5 in Spellcasting
  5552 | D:6      | Noticed Sigmund
  5882 | D:6      | Killed Sigmund
  5882 | D:6      | Reached skill level 6 in Spellcasting
  6052 | D:6      | Found a sacrificial altar of Ru.
  6067 | D:6      | Reached XP level 9. HP: 55/55 MP: 18/18
  6278 | D:7      | Got a twisted mace
  6279 | D:7      | Identified the +8 mace "String" {drain, +Fly rF+ Dex+4}
                  | (You found it on level 7 of the Dungeon)
  6363 | D:7      | Learned a level 1 spell: Magic Dart
  6436 | D:7      | Found a shimmering altar of Xom.
  6464 | D:7      | Reached skill level 1 in Conjurations
  6507 | D:7      | Found a runed door.
  6654 | D:7      | Noticed Crazy Yiuf
  6658 | D:7      | Killed Crazy Yiuf
  6800 | D:8      | Noticed a two-headed ogre
  6807 | D:8      | Killed a two-headed ogre
  6807 | D:8      | Reached skill level 7 in Spellcasting
  7002 | D:8      | Found a staircase to the Lair.
  7005 | D:8      | Noticed a troll
  7013 | D:8      | Killed a troll
  7045 | D:8      | Noticed a kobold demonologist
  7061 | D:8      | Killed a kobold demonologist
  7061 | D:8      | Gained mutation: Your movements are less encumbered by
                  | armour. (ER -4) [Skeleton growth]
  7061 | D:8      | Reached XP level 10. HP: 61/61 MP: 21/21
  7616 | D:9      | Reached skill level 8 in Spellcasting
  7770 | D:9      | Reached skill level 10 in Polearms
  8030 | D:9      | Reached skill level 5 in Conjurations
  8042 | D:9      | Got an iridescent flail
  8043 | D:9      | Identified the +8 flail "Concordance" {elec, rN+ Int+2
                  | Dex-2} (You found it on level 9 of the Dungeon)
  8048 | D:9      | Found a staircase to the Orcish Mines.
  8202 | D:9      | Reached skill level 1 in Maces & Flails
  8338 | D:9      | Noticed Harold
  8355 | D:9      | Killed Harold
  8355 | D:9      | Reached XP level 11. HP: 32/68 MP: 12/23
  8699 | D:9      | Reached skill level 9 in Spellcasting
  8785 | D:10     | Entered Level 10 of the Dungeon
  8813 | D:10     | Noticed a cyclops
  8826 | D:10     | Killed a cyclops
  8905 | D:10     | Noticed Fannar
  8938 | Lair:1   | Entered Level 1 of the Lair of Beasts
  9199 | Lair:1   | Noticed Grum
  9214 | Lair:1   | Killed Grum
  9337 | Lair:1   | Noticed Joseph
  9360 | Lair:1   | Killed Joseph
  9715 | Lair:2   | Noticed a seven-headed hydra
  9918 | Lair:2   | Killed a seven-headed hydra
 10166 | Lair:2   | Reached skill level 10 in Spellcasting
 10175 | Lair:2   | Reached skill level 5 in Maces & Flails
 10473 | Lair:2   | Found a shadowy altar of Dithmenos.
 10873 | Lair:3   | Noticed Rupert
 11220 | Lair:4   | Reached skill level 5 in Stealth
 11455 | Lair:4   | Noticed Urug
 11482 | Lair:4   | Killed Urug
 11482 | Lair:4   | Reached XP level 12. HP: 47/76 MP: 17/26
 11623 | Lair:4   | Noticed Snorg
 11630 | Lair:4   | Identified a scroll of acquirement
 11669 | Lair:4   | Killed Snorg
 11850 | Lair:4   | Found a staircase to the Snake Pit.
 12066 | Lair:4   | Found a staircase to the Shoals.
 12404 | Lair:4   | Noticed Nergalle
 12418 | Lair:4   | Killed Nergalle
 12418 | Lair:4   | Reached skill level 11 in Spellcasting
 12738 | Lair:5   | Noticed Josephine
 12755 | Lair:5   | Killed Josephine
 12893 | Lair:5   | Reached skill level 10 in Shields
 13078 | Lair:5   | Noticed a four-headed hydra
 13096 | Lair:5   | Reached XP level 13. HP: 68/82 MP: 23/28
 13173 | Lair:5   | Reached skill level 10 in Fighting
 13315 | Lair:5   | Slain by an alligator

Skill      XL: |  1  2  3  4  5  6  7  8  9 10 11 12 13 |
---------------+----------------------------------------+-----
Shields        | 4 5 6 7 8 10 | 10.2
Spellcasting   | 1 2 3 4 6 7 8 10 11 | 11.8
Polearms       | 3 4 5 7 9 10 | 10.7
Armour         | 4 5 6 7 8 |  8.3
Dodging        | 1 2 3 4 |  4.5
Fighting       | 4 5 6 7 9 10 | 10.2
Stealth        | 1 3 4 5 |  5.4
Conjurations   | 3 5 7 8 9 |  9.1
Maces & Flails | 2 5 8 |  8.5
Throwing       | |  0.1
Evocations     | |  0.1

Action                   |  1- 3 |  4- 6 |  7- 9 | 10-12 | 13-15 || total
-------------------------+-------+-------+-------+-------+-------++-------
Melee: Trident           |   158 |   189 |   423 |   249 |       ||  1019
       Flail             |       |       |       |   421 |    67 ||   488
Throw: Javelin           |       |     4 |     5 |     7 |       ||    16
 Cast: Magic Dart        |       |       |       |   107 |    17 ||   124
Invok: Call Merchant     |       |       |       |     3 |       ||     3
       Potion Petition   |       |       |       |     2 |       ||     2
Evoke: Wand              |       |       |       |     2 |       ||     2
  Use: Scroll            |       |       |    10 |     6 |       ||    16
 Stab: Sleeping          |       |       |    12 |    22 |       ||    34
       Distracted        |       |       |     2 |     2 |       ||     4
       Paralysed         |       |       |     1 |       |       ||     1
Armor: Scale mail        |    64 |    20 |       |       |       ||    84
       Chain mail        |       |    51 |    59 |       |       ||   110
       Shadow dragon sca |       |       |    89 |   276 |    37 ||   402
Dodge: Dodged            |    48 |    58 |    77 |   230 |    24 ||   437
Block: Shield            |    78 |    86 |   163 |   425 |    56 ||   808
